 Dungeon Crawl Stone Soup version 0.31-a0-14-gc80a10f4b6 (webtiles) character file.

Game seed: 3314542162955657011

670 Mickster the Trooper (level 7, 74/74 HPs)
             Began as an Ogre Berserker on May 8, 2023.
             Was a Believer of Trog.
             Quit the game on level 5 of the Dungeon.
             The game lasted 00:34:50 (3688 turns).

Mickster the Trooper (Ogre Berserker)               Turns: 3688, Time: 00:34:51

Health: 74/74      AC:  3    Str: 22 (24) XL:     7   Next: 58%
Magic:  7/7        EV: 15    Int:  5 (8)  God:    Trog [**....]
Gold:   240        SH:  0    Dex:  7 (8)  Spells: 6/6 levels left

rFire   . . .        d - +2 spear (freeze)
rCold   . . .        (no shield)
rNeg    . . .        b - +0 animal skin
rPois   .            (helmet restricted)
rElec   .            (no cloak)
rCorr   .            (gloves unavailable)
SInv    .            (boots unavailable)
Will    .....        (no amulet)
Stlth   +            c - +5 ring of evasion
HPRegen 0.32/turn    (no ring)
MPRegen 0.10/turn

%: no passive effects
@: no status effects
A: large, unfitting armour, tough skin 1, talons 1, wild magic 1, inability to
drink after injury 1
a: Renounce Religion, Berserk, Trog's Hand


You were on level 5 of the Dungeon.
You worshipped Trog.
Trog was pleased with you.
You visited 1 branch of the dungeon, and saw 5 of its levels.
You also visited: Sewer.

You collected 240 gold pieces.

Inventory:

Hand Weapons
 d - a +2 spear of freezing (weapon)
 f - a +1 dagger of protection
 o - a +0 war axe
 p - a +0 spear of venom
 s - a +0 spear of electrocution
Missiles
 g - 8 stones
 q - 3 throwing nets
 v - 25 poisoned darts (quivered)
Armour
 b - a +0 animal skin (worn)
Jewellery
 c - a +5 ring of evasion (left hand)
 t - a ring of magical power
Wands
 j - a wand of light (6)
 r - a wand of charming (4)
 u - a wand of flame (7)
Scrolls
 a - a scroll of summoning {unknown}
 i - 2 scrolls of identify
 k - a scroll of magic mapping {unknown}
 m - a scroll of fog
 n - a scroll of enchant weapon {unknown}
Potions
 e - a potion of heal wounds
 h - a potion of curing


   Skills:
 + Level 5.8 Fighting
 - Level 3.1(4.8) Axes
 * Level 5.5(6.0) Polearms
 * Level 1.9 Throwing
 + Level 4.0 Dodging
 + Level 1.0 Stealth
 + Level 0.1 Evocations


You had 6 spell levels left.
You didn't know any spells.
Your spell library was empty.

Dungeon Overview and Level Annotations

Branches:
Dungeon (5/15)              Sewer (visited)
 Temple: D:4-7

Altars:
Dithmenos
Gozag
Kikubaaqudgha
Nemelex Xobeh
Uskayaw
Wu Jian

Shops:
D:1 :


Innate Abilities, Weirdness & Mutations

You are too large for most types of armour.
You have tough skin. (AC +1)
You have sharp toenails.
Your spells are a little harder to cast, but a little more powerful.
You occasionally lose the ability to drink potions when taking damage.


Message History

Trog accepts your kill.
Your Stealth skill increases to level 1!
You see here an adder corpse.
You enter the shallow water.
You enter the shallow water.
You enter the shallow water.
You enter the shallow water.
You enter the shallow water.
You enter the shallow water.
You enter the shallow water.
You see here a +0 short sword.
You enter the shallow water.
You see here a +0 club.
You see here a +0 club.
You enter the shallow water.
There is a gate leading back out of this place here.
You enter the shallow water.
You enter the shallow water.
There is a gate leading back out of this place here.
Welcome back to the Dungeon!
There is a collapsed entrance here.
You enter the shallow water.
There is an open door, spattered with blood here.
Found a scroll labelled QOIRAS MYFUSA.
Found a metallic blue potion.
n - a scroll labelled QOIRAS MYFUSA
Found a blue potion.
w - a metallic blue potion
x - a blue potion
There are no items here.
It was a potion of haste.
You feel yourself speed up.
It was a potion of cancellation.
Your magical effects are unravelling.
You feel magically purged.
You feel yourself slow down.
It was a potion of mutation.
You feel extremely strange.
You occasionally lose the ability to drink potions when taking damage.
You feel less in control of your magic.
Your toenails lengthen and sharpen.
Unknown command.
Are you sure you want to abandon this character and quit the game? (Confirm with "yes".)

# #... #.# #..#
..# #..# ### #..#
#..# ### ##..#
#.# ###...#######
#@#
#...........###.#
#.#..######.....#
#.#..# #######
##.#..# #.....#
......# #.....#
......#


There were no monsters in sight!

Vanquished Creatures
  3 kobold brigands (Sewer)
  A phantom (D:4)
  2 orc priests (D:4)
  Ijyb (D:3)
  An orc wizard (D:4)
  The ghost of petzl the Sneak, a weakling FoDe (D:4)
  7 gnolls
  A river rat (Sewer)
  8 adders
  2 worms
  10 orcs
  9 bats
  9 endoplasms
  5 giant cockroaches
  6 goblins
  7 hobgoblins
  2 quokkas
  13 ball pythons
  A frilled lizard (D:2)
  8 kobolds
  12 rats
109 creatures vanquished.

Vanquished Creatures (others)
  An orc (D:3)
  A plant (D:4)
2 creatures vanquished.

Grand Total: 111 creatures vanquished

Notes
Turn   | Place    | Note
-------+----------+-------------------------------------------
     0 | D:1      | Mickster the Ogre Berserker began the quest for the Orb.
     0 | D:1      | Reached XP level 1. HP: 24/24 MP: 1/1
    40 | D:1      | Reached XP level 2. HP: 16/32 MP: 2/2
   302 | D:1      | Found Juqioq's Vocational Training.
   622 | D:2      | Reached XP level 3. HP: 40/41 MP: 3/3
   721 | D:2      | Reached skill level 1 in Polearms
   899 | D:2      | Found an opulent altar of Gozag.
  1035 | D:2      | Reached ** piety under Trog
  1087 | D:2      | Reached skill level 5 in Fighting
  1103 | D:2      | Reached XP level 4. HP: 50/50 MP: 4/4
  1560 | D:3      | Noticed Ijyb
  1571 | D:3      | Killed Ijyb
  1575 | D:3      | Reached XP level 5. HP: 57/57 MP: 5/5
  1773 | D:3      | Found a sparkling altar of Nemelex Xobeh.
  1897 | D:4      | Found an ancient bone altar of Kikubaaqudgha.
  1955 | D:4      | Noticed petzl's ghost (weakling FoDe)
  1984 | D:4      | Found a transporter.
  1984 | D:4      | Found a transporter.
  2001 | D:4      | Reached XP level 6. HP: 66/66 MP: 6/6
  2041 | D:4      | Killed petzl's ghost
  2174 | D:4      | Found an ornate altar of the Wu Jian Council.
  2174 | D:4      | Found a hide-covered altar of Uskayaw.
  2499 | D:4      | Reached skill level 1 in Throwing
  2664 | D:4      | Found a shadowy altar of Dithmenos.
  2751 | D:5      | Entered Level 5 of the Dungeon
  2779 | D:5      | Found a glowing drain.
  2835 | Sewer    | Entered a sewer
  2936 | Sewer    | Reached skill level 5 in Polearms
  2936 | Sewer    | Reached XP level 7. HP: 32/74 MP: 7/7
  3538 | Sewer    | Reached skill level 1 in Stealth
  3672 | D:5      | Gained mutation: You occasionally lose the ability to drink
                  | potions when taking damage. [potion of mutation]
  3672 | D:5      | Gained mutation: Your spells are a little harder to cast,
                  | but a little more powerful. [potion of mutation]
  3672 | D:5      | Gained mutation: You have sharp toenails. [potion of
                  | mutation]
  3688 | D:5      | Quit the game

Illustrated notes

Levels and vault maps discovered:
D:1:      spicycebolla_arrival_ecumenical, layout_loops_ring,
          nicolae_shop_vocational
D:2:      layout_basic, basic_altar, kennysheep_potato
D:3:      minmay_recursive_quarters, layout_basic,
          mainiacjoe_overflow_surrounded_room, uniq_ijyb
D:4:      layout_cave_pods, cheibriados_altar_1, mainiacjoe_overflow_alcove_2,
          grunt_temple_overflow_open, nicolae_overflow_crystal_walls,
          gammafunk_ghost_gnarly_gnolls
D:5:      layout_loops_ring, marbit_many_paths, gup_sewer_entry_glass,
          kennysheep_cluttered_room

Skill      XL: |  1  2  3  4  5  6  7 |
---------------+----------------------+-----
Dodging        | 3 4 |  4.0
Polearms       | 1 2 3 5 |  5.5
Fighting       | 5 |  5.8
Throwing       | 1 |  1.9
Stealth        | 1 |  1.0
Axes           | |  3.1
Evocations     | |  0.1

Action                     |  1- 3 |  4- 6 |  7- 9 || total
---------------------------+-------+-------+-------++-------
  Melee: Hand axe          |     5 |       |       ||     5
         Spear             |    77 |   181 |    31 ||   289
         Punch             |       |     2 |       ||     2
  Throw: Dart              |       |       |     2 ||     2
 Invoke: Berserk           |       |     8 |       ||     8
         Trog's Hand       |       |     4 |       ||     4
  Evoke: Wand              |       |     2 |       ||     2
    Use: Scroll            |     1 |     2 |       ||     3
         Potion            |       |       |    10 ||    10
 Armour: Animal skin       |    17 |    27 |     5 ||    49
  Dodge: Dodged            |    69 |   174 |    19 ||   262

Table legend: (Time is in decaauts)
 A = Elapsed time spent in this place.
 B = Non-inter-level travel time spent in this place.
 C = Inter-level travel time spent in this place.
 D = Time resting spent in this place.
 E = Time spent auto-exploring this place.
 F = Levels seen in this place.
 G = Mean time per level.
                   A        B        C        D        E       F      G
               +--------+--------+--------+--------+--------+-----+--------+
         Total |   3738 |   3496 |    242 |    476 |      0 |   6 |  623.0 |
       Dungeon |   2963 |   2721 |    242 |    201 |      0 |   5 |  592.6 |
         Sewer |    775 |    775 |      0 |    275 |      0 |   1 |  775.0 |
               +--------+--------+--------+--------+--------+-----+--------+

Top non-repeatable levels by time:
     D:4: 916 daAuts
   Sewer: 775 daAuts
     D:2: 690 daAuts
     D:3: 682 daAuts
     D:1: 514 daAuts
     D:5: 159 daAuts
